 Dungeon Crawl Stone Soup version 0.32-a0-938-g40ac7a0 (webtiles) character file.

Game seed: 18379341159285932189

73868 yapang the Thaumaturge (level 15, -5/107 HPs)
             Began as a Green Draconian Conjurer on Apr 16, 2024.
             Was an Initiate of Gozag.
             Slain by a +2 morningstar of protection (19 damage)
             ... on level 1 of the Elven Halls.
             The game lasted 00:58:36 (24207 turns).

yapang the Thaumaturge (Green Draconian Conjurer)  Turns: 24207, Time: 00:58:37

Health: -5/107     AC: 11    Str: 10    XL:     15   Next: 5%
Magic:  17/40      EV: 18    Int: 26    God:    Gozag
Gold:   4063       SH:  4    Dex:  9    Spells: 14/38 levels left

rFire   . . .        G - staff of conjuration
rCold   . . .        y - +0 buckler
rNeg    . . .        (body armour unavailable)
rPois   +            (helmet restricted)
rElec   .            (no cloak)
rCorr   .            t - +0 pair of gloves
SInv    .            u - +0 pair of boots
Will    +....        (no amulet)
Stlth   ++           g - ring of magical power
HPRegen 0.37/turn    r - +5 ring of evasion
MPRegen 0.27/turn

%: no passive effects
@: gold aura
A: noxious breath, AC +9, unfitting armour, stinger 1, poison resistance,
cold-blooded
a: Noxious Breath, Renounce Religion, Potion Petition, Call Merchant, Bribe
Branch


You were on level 1 of the Elven Halls.
You worshipped Gozag.
Gozag was most pleased with you.
You visited 5 branches of the dungeon, and saw 20 of its levels.

You collected 6839 gold pieces.
You spent 720 gold pieces at shops.
You paid 2056 gold pieces to Gozag.

Inventory:

Hand Weapons
 b - a +0 heavy spear
 h - a +0 dagger of draining
Missiles
 d - 5 throwing nets
Armour
 t - a +0 pair of gloves (worn)
 u - a +0 pair of boots (worn)
 y - a +0 buckler (worn)
Magical Staves
 m - a staff of fire
 G - a staff of conjuration (weapon)
Jewellery
 g - a ring of magical power (left hand)
 i - the ring of Cedaceho {Fire rN+ Int-3 Dex+2}
   (You found it on level 3 of the Dungeon)

   [ring of fire]

   Fire:      It enhances your fire magic.
   Int-3:     It affects your intelligence (-3).
   Dex+2:     It affects your dexterity (+2).
   rF+:       It protects you from fire.
   rC-:       It makes you vulnerable to cold.
   rN+:       It protects you from negative energy.
 p - a ring of willpower
 r - a +5 ring of evasion (right hand)
 w - a +5 ring of evasion
 H - a ring of magical power
 U - a ring of protection from fire
Talismans
 T - a maw talisman
Wands
 j - a wand of iceblast (9)
 k - a wand of flame (13)
 J - a wand of acid (19)
 K - a wand of polymorph (10)
 R - a wand of mindburst (8)
Scrolls
 f - 9 scrolls of teleportation
 o - a scroll of enchant armour {unknown}
 q - 3 scrolls of blinking
 s - 4 scrolls of immolation {unknown}
 x - 3 scrolls of noise {unknown}
 A - 5 scrolls of enchant weapon {unknown}
 D - 2 scrolls of revelation {unknown}
 F - a scroll of fear {unknown}
 I - 4 scrolls of poison {unknown}
 N - 6 scrolls of identify
 P - 2 scrolls of fog {unknown}
 Q - 3 scrolls of amnesia {unknown}
 S - a scroll of vulnerability {unknown}
Potions
 a - 3 potions of magic
 c - 10 potions of curing
 e - 2 potions of brilliance
 l - 3 potions of berserk rage
 n - 2 potions of heal wounds
 v - a potion of cancellation {unknown}
 z - a potion of lignification
 B - 2 potions of degeneration
 C - 2 potions of might
 E - 4 potions of invisibility
 L - 2 potions of ambrosia {unknown}
 M - a potion of haste {unknown}
 O - 3 potions of attraction
 V - 3 potions of resistance {unknown}
 X - a potion of enlightenment {unknown}
 Y - a potion of mutation {unknown}
Miscellaneous
 W - a phantom mirror


   Skills:
 - Level 3.0 Fighting
 - Level 6.0 Staves
 - Level 10.0 Dodging
 - Level 3.0 Stealth
 - Level 4.0 Shields
 + Level 12.3 Spellcasting
 - Level 12.0 Conjurations
 - Level 6.0 Hexes
 - Level 10.0 Summonings
 - Level 4.0 Translocations
 - Level 6.0 Fire Magic
 - Level 10.0 Alchemy
 - Level 3.0 Evocations


You had 14 spell levels left.
You knew the following spells:

 Your Spells              Type           Power      Damage    Failure   Level
a - Magic Dart            Conj           100%       1d8       1%          1
b - Searing Ray           Conj           100%       2d8       1%          2
c - Fulminant Prism       Conj/Alch      41%        3d19      1%          4
d - Iskenderun's Mystic   Conj/Tloc      72%        2d15      (+2d81%     4
e - Olgreb's Toxic Radia  Alch           61%        N/A       1%          4
f - Summon Mana Viper     Hex/Summ       55%        N/A       5%          5
g - Ignite Poison         Fire/Alch      55%        N/A       1%          4

Your spell library contained the following spells:

 Spells                   Type           Power      Damage    Failure   Level
 Apportation              Tloc           72%        N/A       1%          1
 Shock                    Conj/Air       100%       1d9       1%          1
 Sting                    Conj/Alch      100%       1d9       1%          1
 Summon Small Mammal      Summ           100%       N/A       1%          1
 Blink                    Tloc           72%        N/A       1%          2
 Cigotuvi's Dreadful Rot  Necr/Alch/Air  66%        N/A       1%          2
 Lesser Beckoning         Tloc           72%        N/A       1%          2
 Mercury Vapours          Alch/Air       84%        N/A       1%          2
 Momentum Strike          Conj/Tloc      100%       3d10      1%          2
 Hailstorm                Conj/Ice       63%        3d12      1%          3
 Summon Ice Beast         Ice/Summ       42%        N/A       1%          3
 Tukima's Dance           Hex            47%        N/A       1%          3
 Summon Blazeheart Golem  Fire/Summ      55%        N/A       1%          4
 Necrotise                Necr           64%        1d7       4%          1
 Dimensional Bullseye     Hex/Tloc       21%        N/A       6%          4
 Swiftness                Air            16%        N/A       16%         3
 Freezing Cloud           Conj/Ice/Air   26%        6-21      26%         5
 Orb of Destruction       Conj           43%        9d12      30%         7
 Spellforged Servitor     Conj/Summ      41%        N/A       43%         7
 Airstrike                Air            8%         2d(2-18)  45%         4
 Monstrous Menagerie      Summ           30%        N/A       56%         7
 Sculpt Simulacrum        Ice/Alch       21%        N/A       69%         6
 Permafrost Eruption      Ice/Erth       8%         2x4d3     100%        6


Dungeon Overview and Level Annotations

Branches:
Dungeon (11/15)            Temple (1/1) D:7            Lair (5/5) D:8
 Shoals (0/4) Lair:3       Spider (0/4) Lair:2        Slime (0/5) Lair:5
    Orc (2/2) D:10            Elf (1/3) Orc:2

Altars:
Ashenzari
Cheibriados
Dithmenos
Elyvilon
Fedhas
Gozag
Hepliaklqana
Kikubaaqudgha
Makhleb
Nemelex Xobeh
Okawaru
Qazlal
Ru
Sif Muna
Trog
Uskayaw
Vehumet
Wu Jian
Xom
Yredelemnul
Zin
The Shining One
Beogh
Ignis
Jiyva
Lugonu

Shops:
D:6 (   Orc:2 ?(!*   Lair:1 :   Lair:4 ::

Portals:
Abyss: Lair:5

Annotations:
D:3 1 runed translucent door, Crazy Yiuf
Orc:1 exclusion: oklob plant


Innate Abilities, Weirdness & Mutations

You can breathe blasts of noxious fumes.
Your lurid green scales are hard. (AC +9)
You cannot fit into any form of body armour.
Your tail ends in a venomous barb.
Your system is resistant to poisons. (rPois)
You are cold-blooded and may be slowed by cold attacks.


Message History

You feel a surge of power!
You erupt in a blast of force!
The mystic blast hits the +2 morningstar of protection!
The +2 morningstar of protection is moderately damaged.
The +2 morningstar of protection is knocked back by the mystic blast.
The +2 morningstar of protection collides with the +6 trident of protection.
Your fulminant prism explodes!
The blast of energy engulfs the deep elf zephyrmancer!
The deep elf zephyrmancer is heavily wounded.
The blast of energy engulfs the +6 trident of protection!!
The +6 trident of protection is almost destroyed.
Casting: Iskenderun's Mystic Blast (mildly dangerous; 1% risk of failure)
Confirm with . or Enter, or press ? or * to list all spells.
You feel a surge of power!
You erupt in a blast of force!
The mystic blast hits the +6 trident of protection!
The +6 trident of protection turns to gold and falls from the air.
The mystic blast hits the +2 morningstar of protection!
The +2 morningstar of protection is heavily damaged.
The +2 morningstar of protection is knocked back by the mystic blast.
The +2 morningstar of protection slams into the rock wall.
The +2 morningstar of protection is severely damaged.
You feel power welling in your lungs.
Casting: Iskenderun's Mystic Blast (mildly dangerous; 1% risk of failure)
Confirm with . or Enter, or press ? or * to list all spells.
You feel a surge of power!
You erupt in a blast of force!
The mystic blast hits the +2 morningstar of protection but does no damage.
The +2 morningstar of protection is severely damaged.
The +2 morningstar of protection hits you!
The deep elf zephyrmancer gestures at you while chanting.
The bolt of lightning hits the +2 morningstar of protection.
The +2 morningstar of protection completely resists.
The bolt of lightning hits you!!
* * * LOW HITPOINT WARNING * * *
Casting: Iskenderun's Mystic Blast (mildly dangerous; 1% risk of failure)
Confirm with . or Enter, or press ? or * to list all spells.
You feel a surge of power!
You erupt in a blast of force!
The mystic blast hits the +2 morningstar of protection but does no damage.
The +2 morningstar of protection is severely damaged.
The +2 morningstar of protection hits you!!
You die...
Your body crumbles into a pile of gold.

.# ..
.# ..
#####e
..#.$
#.#(#
#.#@#
#.#.#
#.#.#
##...##
#.....#
#.<...#
#.....#
#######


You could see a deep elf zephyrmancer and a +2 morningstar of protection.

Vanquished Creatures
  An orc warlord (Orc:1)
  Snorg (Orc:1)
  Josephine (D:10)
  Harold (D:9)
  2 hydras
  2 ogre magi (Orc:2)
  A dancing weapon (Elf:1)
  9 two-headed ogres
  A tengu warrior (D:9)
  4 death yaks (Lair:5)
  3 boulder beetles
  A thrashing horror (Lair:5)
  2 skysharks
  A deep troll (Orc:2)
  2 obsidian bats (Orc:1)
  An orc knight (Orc:1)
  2 orc sorcerers (Orc:1)
  A wolf spider (Lair:2)
  3 cyclopes
  An ugly thing (Lair:5)
  18 elephants
  3 torpor snails
  3 black mambas
  13 cane toads
  A large abomination (Lair:5)
  A smoke demon (Lair:5)
  An eye of devastation (Lair:5)
  3 rime drakes
  5 komodo dragons
  10 trolls
  A polar bear (Lair:1)
  4 hornets
  A glass eye (Lair:5)
  25 blink frogs
  A snapping turtle (Lair:3)
  2 raiju (Lair:5)
  A dream sheep (Lair:4)
  A shadow (D:11)
  A ynoxinul (Lair:5)
  2 water elementals
  12 spriggans (Lair:4)
  Sigmund (D:4)
  3 wraiths (D:10)
  10 basilisks
  2 wyverns
  37 yaks
  A redback (Lair:2)
  2 hell hounds (Lair:3)
  An acid dragon (D:7)
  15 water moccasins
  2 ice beasts
  21 orc warriors
  2 sky beasts
  3 boggarts (Lair:4)
  16 ogres (Orc:2)
  4 wolves (Lair:4)
  5 centaurs
  4 kobold brigands
  Blork the orc (D:6)
  17 bullfrogs
  3 small abominations (Lair:5)
  A gnoll sergeant (D:9)
  3 scorpions
  12 wights
  3 killer bees (D:10)
  A howler monkey (D:6)
  2 electric eels
  4 hounds
  15 orc priests
  2 bombardier beetles
  2 jellies
  2 iguanas (D:6)
  Ijyb (D:3)
  12 orc wizards
  Robin (D:3)
  12 gnolls
  9 adders
  A shadow imp (D:7)
  15 white imps
  3 ribbon worms
  4 dart slugs
  49 orcs
  7 endoplasms
  7 goblins
  9 hobgoblins
  20 kobolds
  A quokka (D:1)
  5 ball pythons
  4 bats
  5 frilled lizards
  9 rats
  A butterfly (Lair:3)
521 creatures vanquished.

Vanquished Creatures (collateral kills)
  A hydra (Lair:4)
  A two-headed ogre (Orc:2)
  2 thrashing horrors (Lair:5)
  A deep troll (Orc:2)
  2 black mambas (Lair:5)
  A large abomination (Lair:5)
  A smoke demon (Lair:5)
  A torpor snail (Lair:5)
  A troll (shapeshifter) (Lair:5)
  2 raiju (Lair:5)
  2 blink frogs (Lair:5)
  A spriggan (Lair:5)
  7 small abominations (Lair:5)
  A ynoxinul (Lair:5)
  A yak (Lair:5)
  A warg (Orc:2)
  A basilisk (Lair:5)
  A chaos spawn (Lair:5)
  5 water moccasins (Lair:5)
  A black bear (Lair:4)
  An ogre (Orc:2)
35 creatures vanquished.

Vanquished Creatures (others)
  73 fulminant prisms
73 creatures vanquished.

Grand Total: 629 creatures vanquished

Notes
Turn   | Place    | Note
-------+----------+-------------------------------------------
     0 | D:1      | yapang the Draconian Conjurer began the quest for the Orb.
     0 | D:1      | Reached XP level 1. HP: 14/14 MP: 3/3
   245 | D:1      | Reached XP level 2. HP: 20/20 MP: 2/5
  1123 | D:2      | Found a faded altar of an unknown god.
  1200 | D:2      | Reached XP level 3. HP: 13/26 MP: 0/7
  1489 | D:2      | You fall into a shaft and drop 1 floor!
  1500 | D:3      | Noticed Robin
  1524 | D:3      | Killed Robin
  1611 | D:3      | Learned a level 2 spell: Searing Ray
  1690 | D:3      | Identified the ring of Cedaceho {Fire rN+ Int-3 Dex+2}
  1762 | D:3      | Noticed Ijyb
  1782 | D:3      | Killed Ijyb
  1783 | D:3      | Reached skill level 5 in Conjurations
  1783 | D:3      | Reached XP level 4. HP: 26/33 MP: 0/8
  2061 | D:3      | Reached XP level 5. HP: 34/38 MP: 0/9
  2667 | D:3      | Found a runed translucent door.
  2668 | D:3      | Noticed Crazy Yiuf
  3054 | D:4      | Noticed Sigmund
  3058 | D:4      | Killed Sigmund
  3059 | D:4      | Reached XP level 6. HP: 45/45 MP: 6/11
  3527 | D:5      | Entered Level 5 of the Dungeon
  3535 | D:5      | Noticed an ice beast
  3549 | D:5      | Killed an ice beast
  3652 | D:5      | Learned a level 4 spell: Fulminant Prism
  3668 | D:5      | Your scales start taking on a lurid green colour.
  3668 | D:5      | Reached XP level 7. HP: 50/50 MP: 8/13
  3668 | D:5      | Gained mutation: Your system is resistant to poisons.
                  | (rPois) [Green Draconian growth]
  3715 | D:5      | Reached skill level 1 in Alchemy
  3997 | D:5      | Reached skill level 1 in Shields
  4729 | D:6      | Learned a level 4 spell: Iskenderun's Mystic Blast
  4860 | D:6      | Noticed Blork the orc
  4865 | D:6      | Killed Blork the orc
  4995 | D:6      | Reached XP level 8. HP: 57/57 MP: 6/14
  5115 | D:6      | Reached skill level 1 in Translocations
  5300 | D:6      | Found Giel's Weapon Emporium.
  5523 | D:6      | Reached skill level 5 in Alchemy
  5672 | D:6      | Learned a level 4 spell: Olgreb's Toxic Radiance
  6054 | D:7      | Found a staircase to the Ecumenical Temple.
  6065 | Temple   | Entered the Ecumenical Temple
  6115 | Temple   | Became a worshipper of Gozag Ym Sagoz the Greedy
  6381 | D:7      | Reached XP level 9. HP: 33/62 MP: 5/15
  7383 | D:8      | Reached skill level 1 in Fighting
  7517 | D:8      | Reached skill level 1 in Staves
  7633 | D:8      | Reached skill level 10 in Alchemy
  7647 | D:8      | Noticed an elephant
  7775 | D:8      | Noticed an elephant
  7818 | D:8      | Killed an elephant
  7933 | D:8      | Found a staircase to the Lair.
  8054 | D:8      | Killed an elephant
  8055 | D:8      | Reached skill level 1 in Evocations
  8055 | D:8      | Reached XP level 10. HP: 54/77 MP: 10/16
  8306 | D:9      | Reached skill level 5 in Dodging
  8361 | D:9      | Noticed Harold
  8373 | D:9      | Killed Harold
  8711 | D:9      | Reached skill level 5 in Spellcasting
  8968 | D:9      | Identified the +12 lajatang "Ogreslayer" {antimagic, rElec
                  | rCorr Int+2}
  8972 | D:9      | Noticed a tengu warrior
  8997 | D:9      | Killed a tengu warrior
  9080 | D:9      | Found the +18 Lear's hauberk
  9175 | D:10     | Entered Level 10 of the Dungeon
  9282 | D:10     | Noticed a two-headed ogre
  9300 | D:10     | Killed a two-headed ogre
  9455 | D:10     | Noticed a cyclops
  9467 | D:10     | Killed a cyclops
  9499 | D:10     | Reached XP level 11. HP: 63/82 MP: 2/20
  9514 | D:10     | Found a staircase to the Orcish Mines.
  9675 | D:10     | Noticed Josephine
  9691 | D:10     | Killed Josephine
 10096 | D:10     | Noticed a two-headed ogre
 10105 | D:10     | Killed a two-headed ogre
 10185 | Lair:1   | Entered Level 1 of the Lair of Beasts
 10239 | Lair:1   | Reached skill level 10 in Dodging
 11300 | Lair:1   | Reached skill level 10 in Conjurations
 11303 | Lair:1   | Reached skill level 1 in Summonings
 12025 | Lair:1   | Bought a book of Beasts for 468 gold pieces
 12031 | Lair:1   | Learned a level 5 spell: Summon Mana Viper
 12107 | Lair:2   | Reached skill level 1 in Hexes
 12121 | Lair:2   | Reached XP level 12. HP: 89/89 MP: 13/22
 12685 | Lair:2   | Found a hole to the Spider Nest.
 12887 | Lair:2   | Learned a level 4 spell: Ignite Poison
 13336 | Lair:2   | Reached skill level 1 in Fire Magic
 13494 | Lair:2   | Noticed a boulder beetle
 13509 | Lair:2   | Killed a boulder beetle
 13950 | Lair:3   | Noticed a seven-headed hydra
 13957 | Lair:3   | Reached skill level 5 in Summonings
 13966 | Lair:3   | Reached skill level 5 in Staves
 13968 | Lair:3   | Killed a seven-headed hydra
 14600 | Lair:3   | Noticed a boulder beetle
 14614 | Lair:3   | Killed a boulder beetle
 14829 | Lair:3   | Reached XP level 13. HP: 94/94 MP: 25/25
 14866 | Lair:3   | Found a staircase to the Shoals.
 15429 | Lair:3   | Identified a scroll of acquirement
 15429 | Lair:3   | Acquired 655 gold pieces
 15598 | Lair:4   | Reached skill level 5 in Hexes
 17367 | Lair:5   | Entered Level 5 of the Lair of Beasts
 17367 | Lair:5   | Found a staircase to the Slime Pits.
 17392 | Lair:5   | Reached skill level 10 in Summonings
 18456 | Lair:5   | Gained mutation: Your tail ends in a venomous barb. [Green
                  | Draconian growth]
 18456 | Lair:5   | Reached XP level 14. HP: 102/102 MP: 19/26
 18631 | Lair:5   | Reached skill level 5 in Fire Magic
 19688 | Lair:5   | Identified the +4 trident of the Endless March {pain, *Rage
                  | +Blink Int+6 SInv}
 19926 | Lair:5   | Found a corrupted altar of Lugonu.
 19926 | Lair:5   | Found a one-way gate to the infinite horrors of the Abyss.
 21669 | Orc:1    | Entered Level 1 of the Orcish Mines
 21743 | Orc:1    | Noticed Snorg
 21751 | Orc:1    | Killed Snorg
 22082 | Orc:1    | Reached skill level 10 in Spellcasting
 22601 | Orc:2    | Entered Level 2 of the Orcish Mines
 23500 | Orc:2    | Found Umecsal's Magic Scroll Shoppe.
 23617 | Orc:2    | Found Damockim's Distillery.
 23621 | Orc:2    | Found a staircase to the Elven Halls.
 23637 | Orc:2    | Found Ducsuddi's Weapon Emporium.
 23639 | Orc:2    | Found Gasom's Assorted Antiques.
 23683 | Orc:2    | Bought a scroll of blinking for 105 gold pieces
 23683 | Orc:2    | Bought a scroll of blinking for 105 gold pieces
 23698 | Orc:2    | Bought a green potion for 21 gold pieces
 23698 | Orc:2    | Bought a golden potion for 21 gold pieces
 23848 | Orc:1    | Noticed an orc warlord
 23857 | Orc:1    | Killed an orc warlord
 23858 | Orc:1    | Reached XP level 15. HP: 107/107 MP: 25/31
 24093 | Orc:1    | Found a burning altar of Makhleb.
 24196 | Elf:1    | Entered Level 1 of the Elven Halls
 24207 | Elf:1    | Slain by a +2 morningstar of protection

Illustrated notes

Levels and vault maps discovered:
D:1:      shiori_arrival_maze, layout_basic, serial_bayou_pond_c,
          minmay_pentomino_q2
D:2:      layout_loops_ring, hellmonk_ecumenical_altar_slurped_away
D:3:      layout_basic, nicolae_goblin_pals, uniq_crazy_yiuf_cottage
D:4:      layout_rooms, supply_closet_lemuel, uniq_ijyb, uniq_sigmund
D:5:      layout_basic
D:6:      layout_loops_cross, serial_shops, shop_statue,
          minmay_misc_feat_hallway, kennysheep_generic_room_10,
          uniq_blork_the_orc
D:7:      layout_cave_pools, minmay_temple_entry_mini_moons
D:8:      layout_basic, grunt_lair_entry_orc_guard_hut
D:9:      layout_basic, hellmonk_guarded_unrand_lears, uniq_harold
D:10:     layout_rooms, erik_orc_3, uniq_josephine
D:11:     statuecave_lemuel, layout_small_grid
Temple:   hellmonk_choose_your_character
Lair:1:   layout_layer_cave, serial_bayou_shore_a
Lair:2:   layout_layer_cave, spider_nest_entry_rubble,
          portal_ice_cave_entry_imps
Lair:3:   layout_gridlike, minmay_shoals_entry_hut, enter_volcano_3,
          serial_forest, infiniplex_forest_lined_2,
          infiniplex_forest_lined_ring, infiniplex_forest_clump_curved,
          infiniplex_forest_straight_4, infiniplex_forest_clump_medium,
          infiniplex_forest_end_3, infiniplex_forest_zigzag_2,
          infiniplex_forest_lined_3, lemuel_fruit_fields
Lair:4:   kb_forest_paths, layout_loops_ring
Lair:5:   hellmonk_lair_end_abyssal_woods, layout_regular_city,
          minmay_slime_entry_eyes
Orc:1:    layout_diamond_mine, basic_altar, mines3_lemuel, uniq_snorg
Orc:2:    st_orc_open, layout_diamond_mine, nicolae_orc_crystal_seam
Elf:1:    eino_elf_arrival_altar, layout_loops_corners, serial_shops,
          nicolae_shop_crystal, shop, nicolae_elf_crossing_hall

Skill      XL: |  1  2  3  4  5  6  7  8  9 10 11 12 13 14 |
---------------+-------------------------------------------+-----
Spellcasting   | 3 4 6 8 12 | 12.3
Conjurations   | 5 7 8 10 12 | 12.0
Alchemy        | 4 8 10 | 10.0
Shields        | 3 4 |  4.0
Translocations | 2 4 |  4.0
Stealth        | 3 |  3.0
Fighting       | 3 |  3.0
Dodging        | 4 8 10 | 10.0
Staves         | 3 5 6 |  6.0
Evocations     | 1 3 |  3.0
Summonings     | 3 5 10 | 10.0
Hexes          | 1 4 6 |  6.0
Fire Magic     | 3 4 6 |  6.0

Action                     |  1- 3 |  4- 6 |  7- 9 | 10-12 | 13-15 || total
---------------------------+-------+-------+-------+-------+-------++-------
  Melee: Spear             |    19 |       |       |       |       ||    19
         Unarmed           |     3 |       |       |       |       ||     3
         Tailslap          |     4 |     4 |     7 |    14 |    39 ||    68
         Dagger            |    12 |    37 |    21 |       |       ||    70
         Staff             |       |       |    12 |   110 |   241 ||   363
   Cast: Magic Dart        |    62 |    37 |    37 |    54 |    32 ||   222
         Searing Ray       |     3 |     9 |    57 |    36 |    10 ||   115
         Olgreb's Toxic Ra |       |       |    11 |    73 |   123 ||   207
         Fulminant Prism   |       |       |     9 |    46 |    18 ||    73
         Iskenderun's Myst |       |       |       |     8 |    35 ||    43
         Ignite Poison     |       |       |       |       |    52 ||    52
         Summon Mana Viper |       |       |       |       |    34 ||    34
 Invoke: Call Merchant     |       |       |       |     1 |     2 ||     3
Ability: Noxious Breath    |       |       |     6 |     5 |    11 ||    22
  Evoke: Wand              |       |     1 |     1 |     4 |     2 ||     8
    Use: Scroll            |       |       |     3 |       |     8 ||    11
   Stab: Sleeping          |     1 |       |       |       |       ||     1
         Confused          |       |       |     3 |       |     2 ||     5
         Distracted        |       |       |       |       |     3 ||     3
 Armour: Skin              |    28 |    26 |    52 |   109 |   196 ||   411
  Dodge: Dodged            |    22 |    26 |    59 |   146 |   313 ||   566
  Block: Buckler           |       |       |     8 |    27 |    64 ||    99

Table legend: (Time is in decaauts)
 A = Elapsed time spent in this place.
 B = Non-inter-level travel time spent in this place.
 C = Inter-level travel time spent in this place.
 D = Time resting spent in this place.
 E = Time spent auto-exploring this place.
 F = Levels seen in this place.
 G = Mean time per level.
                   A        B        C        D        E       F      G
               +--------+--------+--------+--------+--------+-----+--------+
         Total |  24281 |  23384 |    897 |   1412 |  18420 |  20 | 1214.1 |
       Dungeon |  11030 |  10707 |    323 |    336 |   8873 |  11 | 1002.7 |
        Temple |     76 |     50 |     26 |      0 |      0 |   1 |   76.0 |
          Lair |  10637 |  10286 |    351 |    871 |   7746 |   5 | 2127.4 |
  Orcish Mines |   2525 |   2330 |    195 |    205 |   1796 |   2 | 1262.5 |
   Elven Halls |     10 |     10 |      0 |      0 |      4 |   1 |   10.0 |
               +--------+--------+--------+--------+--------+-----+--------+

Top non-repeatable levels by time:
  Lair:5: 3150 daAuts
  Lair:4: 2111 daAuts
  Lair:2: 1921 daAuts
  Lair:1: 1887 daAuts
  Lair:3: 1567 daAuts
   Orc:2: 1344 daAuts
     D:3: 1322 daAuts
     D:6: 1306 daAuts
     D:7: 1206 daAuts
     D:5: 1195 daAuts
   Orc:1: 1180 daAuts
    D:10: 1042 daAuts
     D:8: 1019 daAuts
     D:1: 986 daAuts
     D:9: 883 daAuts
